 Dungeon Sprint DCSS version 0.29.1-13-g9f3cf754e1 (webtiles) character file.

Game seed: 18271026487058908815

1064 Groucho the Eye of the Storm (level 8, -3/118 HPs)
             Began as a Minotaur Fighter on Feb 11, 2023.
             Was a Priest of Qazlal.
             Slain by an ice devil (14 damage)
             ... in the Dungeon (Sprint VII: "The Pits").
             The game lasted 00:03:07 (1360 turns).

Groucho the Eye of the Storm (Minotaur Fighter)     Turns: 1360, Time: 00:03:08

Health: -3/118     AC: 14    Str: 21    XL:     8   Next: 6%
Magic:  14/14      EV:  8    Int:  5    God:    Qazlal [***...]
Gold:   0          SH: 10    Dex: 12    Spells: 7/7 levels left

rFire   . . .      SeeInvis .   k - +2 hand axe
rCold   . . .      Faith    .   c - +0 buckler
rNeg    . . .      Spirit   .   e - +3 chain mail
rPois   .          Reflect  .   (helmet restricted)
rElec   .          Harm     .   (no cloak)
rCorr   .          Rampage  .   (no gloves)
Will    .....      NoTele   +   (no boots)
Stlth   ..........              (no amulet)
HPRegen 0.29/turn               (no ring)
MPRegen 0.14/turn               (no ring)

@: berserking, invisible, very quick
A: horns 2, retaliatory headbutt
a: Renounce Religion, Upheaval, Elemental Force


You were in the Dungeon.
You worshipped Qazlal.
Qazlal was most pleased with you.
You visited 1 branch

Inventory:

Hand Weapons
 a - a +0 war axe
 k - a +2 hand axe (weapon)
 l - a +2 mace
Missiles
 p - 10 stones (quivered)
Armour
 c - a +0 buckler (worn)
 e - a +3 chain mail (worn)
Wands
 q - a wand of digging (4)
Scrolls
 j - a scroll of blinking
 n - 5 scrolls of amnesia
 o - a scroll of summoning
Potions
 d - a potion of might
 f - 5 potions of curing
 g - a potion of haste
 h - 4 potions of magic
 i - 2 potions of berserk rage


   Skills:
 + Level 9.6 Fighting
 + Level 9.0 Axes
 + Level 9.4 Armour
 + Level 9.4 Shields
 * Level 10.2 Invocations


You had 7 spell levels left.
You didn't know any spells.
Your spell library was empty.

Dungeon Overview and Level Annotations

Branches:
Dungeon (1/1)

Altars:
Ashenzari
Cheibriados
Dithmenos
Elyvilon
Fedhas
Gozag
Hepliaklqana
Kikubaaqudgha
Makhleb
Nemelex Xobeh
Okawaru
Qazlal
Ru
Sif Muna
Trog
Uskayaw
Vehumet
Wu Jian
Xom
Yredelemnul
Zin
The Shining One
Jiyva
Lugonu


Innate Abilities, Weirdness & Mutations

You have a pair of horns on your head.
You reflexively headbutt those who attack you in melee.


Message History

You barely miss the ice devil. You headbutt the ice devil.
The ice devil is lightly wounded.
Unknown command.
You slash the ice devil!
The ice devil is moderately wounded.
You block the ice devil's attack.
You barely miss the ice devil.
You headbutt the ice devil, but do no damage.
The ice devil is moderately wounded.
The ice devil hits you but does no damage.
You hit the ice devil but do no damage.
The ice devil is moderately wounded.
The ice devil hits you. The ice devil freezes you!!
Unknown command.
You hit the ice devil but do no damage.
You headbutt the ice devil, but do no damage.
The ice devil is moderately wounded.
The ice devil hits you but does no damage.
You hit the ice devil but do no damage.
The ice devil is moderately wounded.
The ice devil hits you. The ice devil freezes you!!
* * * LOW HITPOINT WARNING * * *
Okay, then.
You feel much better. The ice devil barely misses you.
You feel much better. The ice devil barely misses you.
You fade into invisibility!
The ice devil hits you. The ice devil freezes you!!
You hit the ice devil.
You headbutt the ice devil, but do no damage.
The ice devil is moderately wounded.
The ice devil hits you. The ice devil freezes you!!
* * * LOW HITPOINT WARNING * * *
Unknown command.
You feel much better. The ice devil hits you. The ice devil freezes you!!
* * * LOW HITPOINT WARNING * * *
A red film seems to cover your vision as you go berserk!
You feel yourself moving faster!
You feel mighty! The ice devil hits you!
* * * LOW HITPOINT WARNING * * *
The ice devil freezes you!
You die...

#.#........##.......#
#'###########.......#
#.......# #########
#..###..# #.......#
##.###.##+#
#.......#.+
#..###..#4#
#.......'@#
###########


You could see an ice devil (unable to see you).

Vanquished Creatures
  Pikel (D)
  Grinder (D)
  A fire bat (D)
  A phantom (D)
  2 scorpions (D)
  A jelly (D)
  An iguana (D)
  A gnoll (D)
  A white imp (D)
  An ufetubus (D)
  An endoplasm (D)
  A goblin (D)
  A quokka (D)
  A rat (D)
15 creatures vanquished.

Notes
Turn   | Place    | Note
-------+----------+-------------------------------------------
     0 | D        | Groucho the Minotaur Fighter began the quest for the Orb.
     0 | D        | Reached XP level 1. HP: 19/19 MP: 0/0
    40 | D        | Found a bloodstained altar of Trog.
    40 | D        | Found a shimmering blue altar of Sif Muna.
    40 | D        | Found a viscous altar of Jiyva.
    40 | D        | Found a hazy altar of Hepliaklqana.
    40 | D        | Found an opulent altar of Gozag.
    41 | D        | Found a glowing golden altar of the Shining One.
    41 | D        | Found a glowing silver altar of Zin.
    41 | D        | Found a basalt altar of Yredelemnul.
    41 | D        | Found a shimmering altar of Xom.
    41 | D        | Found an ornate altar of the Wu Jian Council.
    41 | D        | Found a sacrificial altar of Ru.
    41 | D        | Found a stormy altar of Qazlal.
    41 | D        | Found an iron altar of Okawaru.
    41 | D        | Found a sparkling altar of Nemelex Xobeh.
    41 | D        | Found a burning altar of Makhleb.
    41 | D        | Found a blossoming altar of Fedhas.
    41 | D        | Found a white marble altar of Elyvilon.
    41 | D        | Found a shadowy altar of Dithmenos.
    41 | D        | Found a snail-covered altar of Cheibriados.
    44 | D        | Found a corrupted altar of Lugonu.
    44 | D        | Found a radiant altar of Vehumet.
    45 | D        | Found an ancient bone altar of Kikubaaqudgha.
    45 | D        | Found a hide-covered altar of Uskayaw.
    45 | D        | Found a broken altar of Ashenzari.
    48 | D        | Became a worshipper of Qazlal Stormbringer
    66 | D        | Reached skill level 1 in Invocations
    66 | D        | Reached XP level 2. HP: 26/28 MP: 0/2
    92 | D        | Noticed a scorpion
    97 | D        | Reached * piety under Qazlal
    98 | D        | Reached skill level 2 in Invocations
   105 | D        | Killed a scorpion
   106 | D        | Reached skill level 5 in Fighting
   106 | D        | Reached skill level 5 in Armour
   106 | D        | Reached skill level 5 in Shields
   106 | D        | Reached skill level 4 in Invocations
   106 | D        | Reached XP level 3. HP: 5/36 MP: 2/5
   106 | D        | Reached XP level 4. HP: 6/42 MP: 2/6
   574 | D        | Reached ** piety under Qazlal
   575 | D        | Noticed a scorpion
   577 | D        | Reached skill level 5 in Axes
   577 | D        | Reached skill level 5 in Invocations
   583 | D        | Killed a scorpion
   584 | D        | Reached XP level 5. HP: 34/51 MP: 6/8
   648 | D        | Noticed a lemure
   648 | D        | Noticed Grinder
   648 | D        | Noticed a phantom
   650 | D        | Noticed Pikel
   657 | D        | Noticed a lemure
   660 | D        | Noticed a lemure
   666 | D        | Noticed a lemure
   667 | D        | Killed Pikel
   667 | D        | Noticed a fire bat
   668 | D        | Reached skill level 8 in Invocations
   668 | D        | Reached XP level 6. HP: 37/62 MP: 8/11
   668 | D        | Reached XP level 7. HP: 41/69 MP: 8/12
   676 | D        | Reached *** piety under Qazlal
   677 | D        | Reached skill level 9 in Invocations
   686 | D        | Paralysed by Grinder for 3 turns
   689 | D        | Killed a fire bat
   703 | D        | Killed Grinder
   704 | D        | Reached skill level 10 in Invocations
   704 | D        | Reached XP level 8. HP: 29/79 MP: 6/14
  1338 | D        | Noticed an ice devil
  1360 | D        | Slain by an ice devil

Illustrated notes

Levels and vault maps discovered:
D:        pitsprint [storerooms_1, entrance_room_1, metal_vault_5, armoury_1,
          mini_pit_1, grid_room_1, main_hall_1, silver_pit, the_coven_1,
          the_vestibule_1, steel_vault_2, golden_pit, hallway_of_sentries,
          crystal_vault_2, iron_vault_2, final_vault]

Skill      XL: |  1  2  3  4  5  6  7 |
---------------+----------------------+-----
Fighting       | 4 5 6 8 9 |  9.6
Axes           | 3 4 5 7 9 |  9.0
Armour         | 4 5 6 8 9 |  9.4
Shields        | 4 5 6 8 9 |  9.4
Invocations    | 1 4 5 8 10 | 10.2

Action                   |  1- 3 |  4- 6 |  7- 9 || total
-------------------------+-------+-------+-------++-------
Melee: Hand axe          |    15 |    32 |    53 ||   100
       Headbutt          |     2 |     7 |    13 ||    22
       War axe           |     1 |       |       ||     1
Invok: Upheaval          |       |       |     2 ||     2
  Use: Potion            |     2 |     1 |     7 ||    10
Armor: Scale mail        |     2 |     3 |       ||     5
       Chain mail        |       |       |    25 ||    25
Dodge: Dodged            |    15 |     5 |    12 ||    32
Block: Buckler           |     4 |    17 |    15 ||    36
